 Dungeon Crawl Stone Soup version 0.26-a0-774-g1415c89e12 (webtiles) character file.

Game seed: 10836155509414600550

2559 Kinoniko the Fighter (level 9, 0/106 HPs)
             Began as an Ogre Monk on Nov 9, 2020.
             Was a Believer of Makhleb.
             Slain by a killer bee (2 damage)
             ... on level 7 of the Dungeon.
             The game lasted 00:11:18 (9110 turns).

Kinoniko the Fighter (Ogre Monk)                    Turns: 9110, Time: 00:11:19

Health: 0/106      AC:  3    Str: 17    XL:     9   Next: 56%
Magic:  0/18       EV: 11    Int: 11    God:    Makhleb [**....]
Gold:   448        SH:  0    Dex: 20    Spells: 8/8 levels left

rFire    . . .     SeeInvis .   A - +2 flail (drain)
rCold    . . .     Faith    .   (no shield)
rNeg     . . .     Spirit   +   j - +0 robe
rPois    .         Reflect  .   (helmet restricted)
rElec    .         Harm     .   b - scarf {+Inv}
rCorr    .         Rampage  .   (gloves unavailable)
MR       .....                  (boots unavailable)
Stlth    ++........             q - amulet of guardian spirit
HPRegen  0.27/turn              u - ring of magical power
MPRegen  0.16/turn              r - +6 ring of dexterity

@: lethally poisoned (0 -> -4)
A: large, unfitting armour, tough skin 1
a: Minor Destruction, Renounce Religion, Evoke Invisibility


You were on level 7 of the Dungeon.
You worshipped Makhleb.
Makhleb was pleased with you.
You visited 2 branches of the dungeon, and saw 8 of its levels.
You also visited: Ossuary.

You collected 448 gold pieces.

Inventory:

Hand Weapons
 w - a +1 war axe
 A - a +2 flail of draining (weapon)
Armour
 b - a scarf of invisibility (worn)
 j - a +0 robe (worn)
Jewellery
 i - an uncursed ring of see invisible
 l - an uncursed ring of protection from fire
 p - an uncursed ring of protection from cold
 q - an amulet of guardian spirit (around neck)
 r - a +6 ring of dexterity (right hand)
 u - a ring of magical power (left hand)
 v - an uncursed amulet of magic regeneration
 x - an uncursed ring of protection from cold
Wands
 f - a wand of random effects (8)
 g - a wand of acid (8)
 n - a wand of flame (23)
 s - a wand of paralysis (15)
 t - a wand of enslavement (13)
Scrolls
 a - a scroll of amnesia {unknown}
 o - a scroll of blinking
 y - 2 scrolls of remove curse
 z - a scroll of magic mapping
 D - a scroll of identify
Potions
 c - a potion of ambrosia
 e - 2 potions of resistance
 h - a potion of brilliance
 m - 2 potions of flight
 B - a potion of berserk rage {unknown}


   Skills:
 * Level 12.0 Fighting
 - Level 9.1(9.2) Axes
 * Level 2.2(5.7) Maces & Flails
 - Level 2.6 Dodging
 - Level 1.4 Stealth
 * Level 0.3 Invocations


You had 8 spell levels left.
You didn't know any spells.
Your spell library contained the following spells:

 Spells                   Type           Power        Failure   Level
 Magic Dart               Conj           #...         34%         1
 Shock                    Conj/Air       #...         34%         1
 Blink                    Tloc           N/A          47%         2
 Call Imp                 Summ           #.......     47%         2
 Slow                     Hex            #.......     47%         2
 Conjure Flame            Conj/Fire      #.......     71%         3
 Mephitic Cloud           Conj/Pois/Air  #.......     71%         3
 Summon Lightning Spire   Summ/Air       #.......     98%         4
 Bolt of Magma            Conj/Fire/Erth #.........   100%        5
 Borgnjor's Vile Clutch   Necr/Erth      #.........   100%        5
 Silence                  Hex/Air        #.........   100%        5


Dungeon Overview and Level Annotations

Branches:
Dungeon (7/15)             Temple (1/1) D:7         Ossuary (visited)

Altars:
Ashenzari
Cheibriados
Dithmenos
Elyvilon
Fedhas
Gozag
Hepliaklqana
Kikubaaqudgha
Makhleb
Nemelex Xobeh
Okawaru
Qazlal
Ru
Sif Muna
Trog
Uskayaw
Vehumet
Wu Jian
Xom
Yredelemnul
Zin
The Shining One

Shops:
D:5 [

Portals:
Abyss: D:4

Annotations:
D:4 2 transporters, Notrik's ghost, novice HOFi


Innate Abilities, Weirdness & Mutations

You are too large for most types of armour.
You have tough skin. (AC +1)


Message History

Unknown command.
Okay, then.
You closely miss the killer bee.
The killer bee is severely wounded.
You feel sick. The killer bee stings you.
* * * LOW HITPOINT WARNING * * *
The killer bee stings you.
* * * LOW HITPOINT WARNING * * *
The killer bee misses you. The killer bee closely misses you.
Unknown command.
It was a potion of cancellation.
Your magical effects are unravelling.
You feel magically purged.
You feel a little less mighty now.
You feel sick. The killer bee stings you.
* * * LOW HITPOINT WARNING * * *
The killer bee stings you!
* * * LOW HITPOINT WARNING * * *
The killer bee closely misses you. The killer bee stings you.
You die...

#.##.. #.##.#
#.##.#
####.##.####
#..........#
#.##.##.....
#.#...####.#
#######......#
#..
#@y.....#...##
###
#y########.##
#######y# #.#
#.....yF# #.#
#.#....y....#
#+#
#.##..###.# #
#..# ...#
....# ###


You could see a bullfrog and 5 killer bees.

Vanquished Creatures
  A phantom (D:7)
  3 orc warriors
  An ice beast (D:7)
  3 ogres
  3 centaurs
  A bullfrog (D:7)
  7 water moccasin zombies (Ossuary)
  A scorpion (D:6)
  A killer bee (D:7)
  A howler monkey (D:4)
  A bullfrog zombie (D:6)
  A centaur zombie (D:6)
  A jelly (D:5)
  5 orc priests
  7 orc wizards
  2 hounds
  An iguana (D:4)
  A centaur skeleton (D:5)
  Terence (D:2)
  2 worker ants
  2 big kobold zombies (Ossuary)
  2 hound zombies (D:6)
  A hound skeleton (D:5)
  2 mummies (Ossuary)
  2 worker ant zombies
  9 adders
  3 gnolls (D:5)
  A white imp (D:6)
  An ufetubus (D:7)
  An ooze (D:3)
  3 adder zombies (Ossuary)
  4 worms
  A dart slug (D:1)
  3 leopard geckos
  21 orcs
  A ball python (D:6)
  10 bats
  2 giant cockroaches
  6 goblins
  8 hobgoblins
  7 jackals
  6 kobolds
  2 quokkas
  3 frilled lizards
  5 gnoll zombies (Ossuary)
  5 hobgoblin zombies (Ossuary)
  A jackal zombie (D:4)
  3 kobold zombies (Ossuary)
  A leopard gecko zombie (D:6)
  An orc zombie (Ossuary)
  6 rats
167 creatures vanquished.

Vanquished Creatures (others)
  A fungus (D:3)
  A plant (D:3)
2 creatures vanquished.

Grand Total: 169 creatures vanquished

Notes
Turn   | Place    | Note
-------+----------+-------------------------------------------
     0 | D:1      | Kinoniko the Ogre Monk began the quest for the Orb.
     0 | D:1      | Reached XP level 1. HP: 24/24 MP: 1/1
    48 | D:1      | Reached XP level 2. HP: 26/33 MP: 2/2
  1014 | D:2      | Reached XP level 3. HP: 40/40 MP: 3/3
  1104 | D:2      | Found a bloodstained altar of Trog.
  1345 | D:2      | Noticed Terence
  1365 | D:2      | Killed Terence
  1365 | D:2      | Reached skill level 5 in Fighting
  1365 | D:2      | Reached XP level 4. HP: 31/50 MP: 4/4
  1549 | D:2      | Found a faded altar of an unknown god.
  1901 | D:3      | Found a broken altar of Ashenzari.
  1905 | D:3      | Saw a vision of the Swamp and the Snake Pit.
  1905 | D:3      | Noticed a salamander
  1905 | D:3      | Noticed a naga sharpshooter
  1905 | D:3      | Noticed a naga mage
  1905 | D:3      | Noticed a naga mage
  1905 | D:3      | Noticed a shock serpent
  1905 | D:3      | Noticed a swamp drake
  1905 | D:3      | Noticed a naga ritualist
  1905 | D:3      | Noticed a black mamba
  2388 | D:3      | Reached XP level 5. HP: 59/59 MP: 5/5
  2460 | D:3      | Reached skill level 6 in Fighting
  2939 | D:4      | Reached skill level 5 in Axes
  2943 | D:4      | Reached XP level 6. HP: 36/68 MP: 6/6
  2972 | D:4      | Reached skill level 7 in Fighting
  3196 | D:4      | Found a sand-covered staircase.
  3197 | D:4      | Found a transporter.
  3206 | Ossuary  | Entered an ossuary
  3281 | Ossuary  | Reached XP level 7. HP: 58/79 MP: 7/7
  3441 | Ossuary  | Reached skill level 8 in Fighting
  4274 | Ossuary  | Reached skill level 9 in Fighting
  4274 | Ossuary  | Reached XP level 8. HP: 53/92 MP: 8/8
  4676 | D:4      | Noticed Notrik's ghost (novice HOFi)
  4717 | D:4      | Found a one-way gate to the infinite horrors of the Abyss.
  4857 | D:4      | Found a transporter.
  5097 | D:4      | Identified the Reference Book on Dusty Feathers
  5259 | D:5      | Entered Level 5 of the Dungeon
  5904 | D:5      | Reached skill level 10 in Fighting
  6027 | D:5      | Found an ancient bone altar of Kikubaaqudgha.
  6027 | D:5      | Found Suob's Armour Emporium.
  6499 | D:6      | Reached XP level 9. HP: 55/102 MP: 9/9
  6505 | D:6      | Reached skill level 11 in Fighting
  8070 | D:7      | Found a staircase to the Ecumenical Temple.
  8079 | Temple   | Entered the Ecumenical Temple
  8150 | Temple   | Became a worshipper of Makhleb the Destroyer
  8150 | Temple   | Reached * piety under Makhleb
  8150 | Temple   | Reached ** piety under Makhleb
  8288 | D:7      | Reached skill level 1 in Maces & Flails
  8826 | D:7      | Reached skill level 12 in Fighting
  9110 | D:7      | HP: 2/106 [killer bee (8)]
  9110 | D:7      | Slain by a killer bee

Illustrated notes

Levels and vault maps discovered:
D:1:      tarquinn_simple_flora_water_f, layout_loops_corners
D:2:      layout_rooms, chequers_ecumenical_altar_island, minmay_misc_feat_x,
          trog_three_pillars_becter, uniq_terence
D:3:      minmay_wonky_spiral, layout_loops_corners, grunt_ashenzari_visionary
          [grunt_ashenzari_visionary_swamp, grunt_ashenzari_visionary_snake]
D:4:      layout_basic, enter_ossuary_3, gammafunk_ghost_abyssal_escape
D:5:      layout_rooms, overflow_temple_1_default, serial_shops, shop
D:6:      layout_cave_pools
D:7:      layout_loops_corners, minmay_temple_entry_wispy
Temple:   dpeg_three_leaves_temple

Skill      XL: |  1  2  3  4  5  6  7  8  9 |
---------------+----------------------------+-----
Fighting       | 5 6 7 9 10 12 | 12.0
Axes           | 4 5 6 8 9 |  9.1
Maces & Flails | 2 |  2.2
Dodging        | |  2.6
Stealth        | |  1.4
Invocations    | |  0.3

Action                   |  1- 3 |  4- 6 |  7- 9 || total
-------------------------+-------+-------+-------++-------
Melee: Hand axe          |    98 |    45 |       ||   143
       War axe           |       |    86 |   257 ||   343
       Flail             |       |       |    57 ||    57
  Use: Potion            |       |    10 |    11 ||    21
       Scroll            |       |     8 |     9 ||    17
 Stab: Sleeping          |     3 |     3 |     9 ||    15
Armor: Robe              |    19 |    24 |    62 ||   105
Dodge: Dodged            |    48 |    92 |   223 ||   363

Table legend: (Time is in decaauts)
 A = Elapsed time spent in this place.
 B = Non-inter-level travel time spent in this place.
 C = Inter-level travel time spent in this place.
 D = Time resting spent in this place.
 E = Time spent auto-exploring this place.
 F = Levels seen in this place.
 G = Mean time per level.
                   A        B        C        D        E       F      G
               +--------+--------+--------+--------+--------+-----+--------+
         Total |   9106 |   8923 |    183 |   3788 |   3737 |   9 | 1011.8 |
       Dungeon |   7640 |   7462 |    178 |   2656 |   3672 |   7 | 1091.4 |
        Temple |     84 |     79 |      5 |      0 |     65 |   1 |   84.0 |
       Ossuary |   1381 |   1381 |      0 |   1132 |      0 |   1 | 1381.0 |
               +--------+--------+--------+--------+--------+-----+--------+

Top non-repeatable levels by time:
     D:6: 1417 daAuts
 Ossuary: 1381 daAuts
     D:5: 1323 daAuts
     D:3: 1223 daAuts
     D:1: 983 daAuts
     D:7: 977 daAuts
     D:4: 964 daAuts
     D:2: 749 daAuts
  Temple: 84 daAuts
